AoeStats
← Comend x comend

Socotra

506774581Analyzed
4v4 RM · 18d ago on Sep 15, 2026· 31m 28s· 8 players
Game mode
Random Map
Map size
148×148
Population
200
Speed
Normal
Resources
Standard
Victory
Conquest
Starting age
Dark Age
Ending age
Imperial Age
RankedLock teamsTeams togetherTeam positionsShared explorationLock speedFull tech treeHidden civsTurbo modeCheats
Victory
Defeat
🇵🇪 Persians · Peru
1343
+13
🇦🇷 Khmer · Argentina
1339
+13
🇦🇷 Franks · Argentina
1275
+16
🇹🇼 Ethiopians · Taiwan
1243
+17
🇨🇱 Persians · Chile
1367
-18
🇦🇷 Maya · Argentina
1321
-17
🇨🇴 Mongols · Colombia
1236
-13
🇺🇸 Celts · United States
1184
-11
BigCrazyMax256
3:00 Loom
11:09 Feudal Age
11:45 Horse Collar
13:21 Wheelbarrow
24:42 Castle Age
25:01 Gold Mining
25:18 Double-Bit Axe
25:38 Heavy Plow
[SotC] Maxeld
6:25 Loom
10:11 Feudal Age
11:01 Double-Bit Axe
11:01 Horse Collar
16:16 Forging
18:26 Bloodlines
19:35 Scale Barding Armor
20:15 Fletching
25:45 Castle Age
25:46 Gold Mining
27:10 Chain Barding Armor
27:30 Gold Shaft Mining
27:59 Husbandry
28:41 Bow Saw
30:23 Iron Casting
30:30 Wheelbarrow
29:52 Bodkin Arrow
dario_def
0:25 Loom
12:29 Feudal Age
Arkhan
6:53 Loom
9:17 Feudal Age
10:05 Double-Bit Axe
14:27 Horse Collar
19:32 Scale Barding Armor
22:13 Wheelbarrow
22:58 Gold Mining
23:59 Forging
26:01 Castle Age
26:11 Bloodlines
26:03 Light Cavalry
27:18 Chain Barding Armor
29:02 Husbandry
29:17 Bow Saw
Comend x comend
0:55 Loom
23:22 Feudal Age
29:37 Castle Age
Lucas
7:36 Loom
10:35 Feudal Age
12:25 Double-Bit Axe
15:19 Fletching
18:38 Horse Collar
24:48 Castle Age
24:49 Padded Archer Armor
25:00 Gold Mining
25:30 Crossbowman
26:07 Bodkin Arrow
26:27 Bow Saw
29:08 Wheelbarrow
29:51 Ballistics
30:51 Heavy Plow
111111
6:56 Loom
9:19 Feudal Age
9:48 Double-Bit Axe
18:13 Wheelbarrow
17:45 Scale Barding Armor
22:33 Castle Age
21:51 Forging
22:03 Gold Mining
23:29 Bow Saw
23:21 Husbandry
24:23 Chain Barding Armor
26:36 Hand Cart
27:01 Town Watch
Owen Guillermo Crippa
5:34 Loom
8:22 Feudal Age
22:42 Castle Age
21:36 Bloodlines
21:40 Scale Barding Armor
21:45 Forging
26:01 Chain Barding Armor
25:56 Double-Bit Axe
31:36 Wheelbarrow
30:49 Horse Collar
32:08 Bow Saw
Connection lost

Rejoining the realm…

Still unreachable

The connection could not be restored.

Session expired

The server has moved on; the page needs a fresh start.